Tamiflu vs Wiprows
Created - 13 novembre 2014 at 23:09
Goals
|
| Tamiflu |
1 |
1 |
4 |
1 |
7 |
| Wiprows |
3 |
0 |
3 |
0 |
6 |
|
Shots
|
| Tamiflu |
10 |
6 |
17 |
1 |
34 |
| Wiprows |
12 |
4 |
19 |
1 |
36 |
|
1st period
1. Wiprows , Arturs Kulda 1 (Jesse Winchester, Nick Bonino) at 0:49
2. Wiprows , Matt Frattin 7 (Joshua Bailey, Arturs Kulda) at 8:56
3. Tamiflu , Alex Picard 14 (Carson Mcmillan) at 12:44
4. Wiprows , Joshua Bailey 6 (Matt Frattin, Nazem Kadri) at 19:23
Penalties :
Mike Duco (Det) for Hooking (Minor) at 9:58
2nd period
5. Tamiflu , Carson Mcmillan 5 (Jonathan Sigalet) at 0:39
Penalties :
Nathan Oystrick (Det) for Tripping (Minor) at 7:02, Brandon Bollig (Win) for Hooking (Minor) at 13:11, Maxime Macenauer (Win) for Holding (Minor) at 18:45
3rd period
6. Wiprows , Jesse Winchester 9 (Alec Martinez, Thomas Hickey) at 2:50
7. Wiprows , Linden Vey 6 (Maxime Macenauer, Alec Martinez) at 7:03
8. Tamiflu , Mike Duco 11 (Adam Henrique, Nate Thompson) at 9:19
9. Tamiflu , Adam Henrique 5 (Rich Clune, Jordan Hendry) at 13:28
10. Tamiflu , Greg Mauldin 11 (Nathan Oystrick, Petr Pohl) at 17:16
11. Tamiflu , Jordan Hendry 3 (Jonathan Sigalet, Nate Thompson) at 19:47 (PP)
12. Wiprows , Thomas Hickey 2 (Nick Bonino) at 19:55
Penalties :
Alec Martinez (Win) for Roughing (Minor) at 19:37
Overtime #1
13. Tamiflu , Carson Mcmillan 6 (Greg Mauldin, Nathan Oystrick) at 2:45
Penalties :
No Penalty
Goalie Stats
Mike McKenna (Det), 30 saves from 36 shots - (0,833), W, 10-5-1, 62:45 minutes
Al Montoya (Win), 27 saves from 34 shots - (0,794), OTL, 10-4-4, 62:41 minutes
Players Stats for Tamiflu
Player Name G A P +/- PIM S H SB GA TA FO MP PP MP PK MP
------------------------------------------------------------------------------------
Adam Henrique 1 1 2 0 0 4 4 0 0 1 4/6 18:17 0:31 0:00
Alex Picard 1 0 1 0 0 1 3 1 0 0 1/2 22:16 2:36 1:57
Carson Mcmillan 2 1 3 1 0 2 1 0 0 0 1/1 19:52 2:36 1:01
Casey Wellman 0 0 0 0 0 0 0 0 0 0 0/0 0:00 0:00 0:00
Cody Goloubef 0 0 0 1 0 0 0 1 1 0 0/0 11:42 0:00 0:41
Colin Greening 0 0 0 -2 0 0 1 0 0 0 0/1 7:01 0:00 0:00
Greg Mauldin 1 1 2 1 0 4 4 0 0 1 6/20 20:19 1:32 1:01
Jan Mursak 0 0 0 0 0 0 1 0 0 0 0/1 10:43 0:51 0:00
Johan Fransson 0 0 0 3 0 0 0 1 0 1 0/0 21:04 1:19 1:35
Jonathan Sigalet 0 2 2 -4 0 2 8 2 0 1 0/0 30:40 2:49 2:23
Jordan Hendry 1 1 2 -4 0 4 2 2 2 1 0/0 30:40 2:49 2:23
Mattias Tedenby 0 0 0 -1 0 0 0 0 0 0 0/0 9:42 0:00 1:00
Mike Duco 1 0 1 1 2 4 1 0 0 0 0/0 14:57 0:10 0:00
Nate Thompson 0 2 2 -2 0 8 4 2 0 1 14/30 26:12 2:36 1:57
Nathan Oystrick 0 2 2 3 2 2 1 0 0 0 0/0 20:12 1:19 0:44
Petr Pohl 0 1 1 0 0 2 0 0 1 0 2/2 18:23 1:32 0:00
Philip Samuelsson 0 0 0 1 0 1 1 1 0 0 0/0 11:11 0:00 0:10
Rich Clune 0 1 1 1 0 0 0 0 0 0 0/0 13:49 0:00 1:00
Players Stats for Wiprows
Player Name G A P +/- PIM S H SB GA TA FO MP PP MP PK MP
------------------------------------------------------------------------------------
Alec Martinez 0 2 2 -2 2 1 2 1 1 0 0/0 28:02 1:39 2:10
Arturs Kulda 1 1 2 1 0 1 2 1 1 0 0/0 12:31 0:00 0:47
Brandon Bollig 0 0 0 0 2 0 1 1 0 0 2/2 12:28 0:00 1:10
Drayson Bowman 0 0 0 1 0 3 2 0 0 0 2/2 19:22 2:18 0:55
Gord Baldwin 0 0 0 -1 0 0 1 2 0 1 0/0 22:11 1:39 1:58
Jesse Winchester 1 1 2 2 0 4 3 1 1 0 0/1 18:03 2:06 0:00
Jiri Tlusty 0 0 0 1 0 2 0 0 0 0 0/0 17:34 1:40 0:07
Jonathan Tremblay 0 0 0 -2 0 1 1 1 0 0 0/0 12:40 0:00 1:56
Joshua Bailey 1 1 2 0 0 6 3 0 0 0 4/9 13:42 0:00 2:23
Linden Vey 1 0 1 -2 0 2 2 0 0 1 0/0 11:10 0:12 0:00
Matt Frattin 1 1 2 0 0 1 0 0 0 0 0/0 10:41 0:00 0:00
Matt Taormina 0 0 0 1 0 2 3 0 2 2 0/0 26:47 2:19 1:48
Maxime Macenauer 0 1 1 -3 2 1 1 1 0 0 1/3 12:04 0:00 0:26
Nazem Kadri 0 1 1 1 0 3 0 1 0 0 11/19 18:48 1:40 1:19
Nick Bonino 0 2 2 3 0 3 1 0 0 0 14/25 18:21 2:18 0:00
Oliver Lauridsen 0 0 0 0 0 2 0 0 0 0 0/0 13:32 0:00 0:00
Pavel Brendl 0 0 0 0 0 3 4 1 1 0 1/2 16:27 1:40 0:00
Thomas Hickey 1 1 2 1 0 1 1 1 0 0 0/0 22:26 2:19 1:33
3 Stars
1 - Carson Mcmillan (Det)
2 - Jesse Winchester (Win)
3 - Greg Mauldin (Det)
Power Play
Tamiflu - 1 on 3 Attempt(s) - 33,33%
Wiprows - 0 on 2 Attempt(s) - 0,00%
Penalty Kill
Tamiflu - 2 on 2 Attempt(s) - 100,00%
- Score 0 goal in Penalty Kill
Wiprows - 2 on 3 Attempt(s) - 66,67%
- Score 0 goal in Penalty Kill
Official
Referees : Banfield David and McCauley Wes
Linesman : Mark Shewchyk and Jay Sharrers
Game Notes
Arturs Kulda is injured at 16:43 of 2nd period (Right Wrist)
Jan Mursak is injured at 17:12 of 2nd period (Right Leg)
Finance
Level 1 -- Attendance: 1464 (73,20%) -- Ticket Income 46 848 $
Level 2 -- Attendance: 692 (69,20%) -- Ticket Income 12 456 $
Total Attendance: 2156 (71,87%)
Total Ticket Income: 59 304 $
Other Income: 2 965 $
Total Income: 62 269 $
Tamiflu
5 vs 5 Forward
Center Left Wing Right Wing Time % Phy DF OF
1 Nate Thompson Alex Picard Carson Mcmillan 40 1 2 2
2 Greg Mauldin Jan Mursak Petr Pohl 30 1 2 2
3 Adam Henrique Rich Clune Mike Duco 20 1 2 2
4 Colin Greening Nate Thompson Mattias Tedenby 10 1 2 2
5 vs 5 Defense
Defense Defense Time % Phy DF OF
1 Jonathan Sigalet Jordan Hendry 40 1 2 2
2 Nathan Oystrick Johan Fransson 30 1 2 2
3 Philip Samuelsson Cody Goloubef 20 1 2 2
4 Jonathan Sigalet Jordan Hendry 10 1 2 2
PowerPlay Forward
Center Left Wing Right Wing Time % Phy DF OF
1 Nate Thompson Alex Picard Carson Mcmillan 60 1 2 2
2 Greg Mauldin Jan Mursak Petr Pohl 40 1 2 2
PowerPlay Defense
Defense Defense Time % Phy DF OF
1 Jonathan Sigalet Jordan Hendry 60 1 2 2
2 Nathan Oystrick Johan Fransson 40 1 2 2
Penalty Kill 4 Players Forward
Center Wing Time % Phy DF OF
1 Nate Thompson Alex Picard 60 1 2 2
2 Greg Mauldin Carson Mcmillan 40 1 2 2
Penalty Kill 4 Players Defense
Defense Defense Time % Phy DF OF
1 Jonathan Sigalet Jordan Hendry 60 1 2 2
2 Nathan Oystrick Johan Fransson 40 1 2 2
Penalty Kill - 3 Players Forward
Forward Time % Phy DF OF
1 Nate Thompson 60 1 2 2
2 Alex Picard 40 1 2 2
Penalty Kill - 3 Players Defense
Defense Defense Time % Phy DF OF
1 Jonathan Sigalet Jordan Hendry 60 1 2 2
2 Nathan Oystrick Johan Fransson 40 1 2 2
4 vs 4 Forward
Center Wing Time % Phy DF OF
1 Nate Thompson Alex Picard 60 1 2 2
2 Greg Mauldin Carson Mcmillan 40 1 2 2
4 vs 4 Defense
Defense Defense Time % Phy DF OF
1 Jonathan Sigalet Jordan Hendry 60 1 2 2
2 Nathan Oystrick Johan Fransson 40 1 2 2
Last Minutes Offensive
Center Left Wing Right Wing Defense Defense
Nate Thompson Alex Picard Carson Mcmillan Jonathan Sigalet Jordan Hendry
Last Minutes Defensive
Center Left Wing Right Wing Defense Defense
Nate Thompson Alex Picard Carson Mcmillan Jonathan Sigalet Jordan Hendry
Goaltenders
Starting : Mike McKenna
Backup : Thomas Greiss
Extra Forwards
Normal : Adam Henrique, Mike Duco, Mattias Tedenby - PP : Adam Henrique, Mike Duco - PK : Mattias Tedenby
Extra Defensemen
Normal : Philip Samuelsson, Cody Goloubef, Nathan Oystrick - PP : Philip Samuelsson - PK : Cody Goloubef, Nathan Oystrick
Penalty Shots
Nate Thompson, Alex Picard, Greg Mauldin, Carson Mcmillan, Petr Pohl
Wiprows
5 vs 5 Forward
Center Left Wing Right Wing Time % Phy DF OF
1 Nick Bonino Drayson Bowman Jesse Winchester 34 1 1 3
2 Nazem Kadri Jiri Tlusty Pavel Brendl 32 1 1 3
3 Joshua Bailey Brandon Bollig Matt Frattin 18 2 1 2
4 Maxime Macenauer Jonathan Tremblay Linden Vey 16 3 1 1
5 vs 5 Defense
Defense Defense Time % Phy DF OF
1 Matt Taormina Arturs Kulda 37 1 1 3
2 Alec Martinez Thomas Hickey 35 1 2 2
3 Oliver Lauridsen Gord Baldwin 26 2 2 1
4 Alec Martinez Matt Taormina 2 1 1 3
PowerPlay Forward
Center Left Wing Right Wing Time % Phy DF OF
1 Nick Bonino Drayson Bowman Jesse Winchester 55 1 0 4
2 Nazem Kadri Jiri Tlusty Pavel Brendl 45 1 0 4
PowerPlay Defense
Defense Defense Time % Phy DF OF
1 Matt Taormina Thomas Hickey 55 0 1 4
2 Gord Baldwin Alec Martinez 45 0 1 4
Penalty Kill 4 Players Forward
Center Wing Time % Phy DF OF
1 Joshua Bailey Brandon Bollig 53 1 3 1
2 Maxime Macenauer Jonathan Tremblay 47 1 3 1
Penalty Kill 4 Players Defense
Defense Defense Time % Phy DF OF
1 Arturs Kulda Alec Martinez 53 1 4 0
2 Gord Baldwin Matt Taormina 47 1 4 0
Penalty Kill - 3 Players Forward
Forward Time % Phy DF OF
1 Nick Bonino 55 0 5 0
2 Nazem Kadri 45 0 5 0
Penalty Kill - 3 Players Defense
Defense Defense Time % Phy DF OF
1 Matt Taormina Arturs Kulda 60 1 4 0
2 Gord Baldwin Alec Martinez 40 1 4 0
4 vs 4 Forward
Center Wing Time % Phy DF OF
1 Nick Bonino Jesse Winchester 54 1 2 2
2 Nazem Kadri Jiri Tlusty 46 1 2 2
4 vs 4 Defense
Defense Defense Time % Phy DF OF
1 Matt Taormina Alec Martinez 60 1 2 2
2 Gord Baldwin Thomas Hickey 40 1 2 2
Last Minutes Offensive
Center Left Wing Right Wing Defense Defense
Nick Bonino Nazem Kadri Jiri Tlusty Thomas Hickey Matt Taormina
Last Minutes Defensive
Center Left Wing Right Wing Defense Defense
Maxime Macenauer Arturs Kulda Jonathan Tremblay Alec Martinez Gord Baldwin
Goaltenders
Starting : Al Montoya
Backup : Thomas McCollum
Extra Forwards
Normal : Nick Bonino, Jiri Tlusty, Nazem Kadri - PP : Nick Bonino, Nazem Kadri - PK : Jonathan Tremblay
Extra Defensemen
Normal : Matt Taormina, Alec Martinez, Arturs Kulda - PP : Thomas Hickey - PK : Arturs Kulda, Thomas Hickey
Penalty Shots
Jiri Tlusty, Matt Frattin, Pavel Brendl, Brandon Bollig, Nick Bonino
% Time on Ice - Tamiflu
Lines # - Real PCT - Wanted PCT - Time Play
Normal Forward
1 - 29% - 40% - 14:59
2 - 35% - 30% - 17:52
3 - 24% - 20% - 12:18
4 - 13% - 10% - 6:37
Normal Defense
1 - 40% - 40% - 20:56
2 - 33% - 30% - 16:51
3 - 21% - 20% - 11:01
4 - 6% - 10% - 2:58
PP Forward
1 - 63% - 60% - 2:36
2 - 37% - 40% - 1:32
PP Defense
1 - 68% - 60% - 2:49
2 - 32% - 40% - 1:19
PK Forward
1 - 74% - 60% - 2:57
2 - 26% - 40% - 1:01
PK Defense
1 - 60% - 60% - 2:23
2 - 40% - 40% - 1:35
PK3 Forward
1 - 0% - 60%
2 - 0% - 40%
PK3 Defense
1 - 0% - 60%
2 - 0% - 40%
44 Forward
1 - 73% - 60% - 2:01
2 - 27% - 40% - 0:44
44 Defense
1 - 52% - 60% - 1:26
2 - 48% - 40% - 1:19
Last Minute Offensive - 0:00
Last Minute Defensive - 0:08
Total
Forward - 62:45
Defense - 62:45
|
% Time on Ice - Wiprows
Lines # - Real PCT - Wanted PCT - Time Play
Normal Forward
1 - 30% - 34% - 15:20
2 - 29% - 32% - 15:01
3 - 21% - 18% - 10:41
4 - 21% - 16% - 10:44
Normal Defense
1 - 39% - 37% - 20:25
2 - 34% - 35% - 17:49
3 - 26% - 26% - 13:32
4 - 0% - 2% - 0:00
PP Forward
1 - 58% - 55% - 2:18
2 - 42% - 45% - 1:40
PP Defense
1 - 58% - 55% - 2:19
2 - 42% - 45% - 1:39
PK Forward
1 - 66% - 53% - 2:43
2 - 34% - 47% - 1:25
PK Defense
1 - 56% - 53% - 2:20
2 - 44% - 47% - 1:48
PK3 Forward
1 - 0% - 55%
2 - 0% - 45%
PK3 Defense
1 - 0% - 60%
2 - 0% - 40%
44 Forward
1 - 77% - 54% - 2:07
2 - 23% - 46% - 0:38
44 Defense
1 - 56% - 60% - 1:32
2 - 44% - 40% - 1:13
Last Minute Offensive - 0:08
Last Minute Defensive - 0:00
Total
Forward - 62:45
Defense - 62:45
|
Play by Play
1st period
0:01 of 1st period - Nick Bonino wins face-off versus Nate Thompson in neutral zone.
0:16 of 1st period - Jesse Winchester is hit by Jordan Hendry and loses puck.
0:32 of 1st period - Matt Taormina is hit by Jonathan Sigalet and loses puck.
0:47 of 1st period - Snap shot by Jesse Winchester.
0:47 of 1st period - Stopped by Mike McKenna with a rebound.
0:49 of 1st period - Slapshot by Arturs Kulda.
0:49 of 1st period - Goal by Arturs Kulda - Tamiflu : 0 - Wiprows : 1.
0:50 of 1st period - Petr Pohl wins face-off versus Nazem Kadri in neutral zone.
1:44 of 1st period - Snap shot by Nate Thompson.
1:44 of 1st period - Stopped by Al Montoya with a rebound.
2:20 of 1st period - Icing by Oliver Lauridsen.
2:21 of 1st period - Adam Henrique wins face-off versus Nick Bonino in Wiprows zone.
2:22 of 1st period - Slapshot by Mike Duco.
2:22 of 1st period - Stopped by Al Montoya without a rebound.
2:23 of 1st period - Pavel Brendl wins face-off versus Adam Henrique in Wiprows zone.
2:50 of 1st period - Philip Samuelsson is hit by Joshua Bailey and loses puck.
3:11 of 1st period - Jordan Hendry is hit by Arturs Kulda and loses puck.
3:34 of 1st period - Snap shot by Adam Henrique.
3:34 of 1st period - Stopped by Al Montoya with a rebound.
3:36 of 1st period - Snap shot by Adam Henrique.
3:36 of 1st period - Shot Blocked by Gord Baldwin.
3:38 of 1st period - Slapshot by Jonathan Sigalet.
3:38 of 1st period - Stopped by Al Montoya without a rebound.
3:39 of 1st period - Adam Henrique wins face-off versus Nazem Kadri in Wiprows zone.
4:27 of 1st period - Snap shot by Jonathan Tremblay.
4:27 of 1st period - Shot Misses the Net.
5:17 of 1st period - Jan Mursak is hit by Joshua Bailey and loses puck.
5:52 of 1st period - Alec Martinez is hit by Nate Thompson and loses puck.
6:21 of 1st period - Adam Henrique is hit by Arturs Kulda and loses puck.
6:32 of 1st period - Snap shot by Joshua Bailey.
6:32 of 1st period - Stopped by Mike McKenna without a rebound.
6:33 of 1st period - Greg Mauldin wins face-off versus Joshua Bailey in Tamiflu zone.
6:40 of 1st period - Icing by Joshua Bailey.
6:41 of 1st period - Greg Mauldin wins face-off versus Joshua Bailey in Wiprows zone.
7:28 of 1st period - Snap shot by Jesse Winchester.
7:28 of 1st period - Shot Misses the Net.
7:35 of 1st period - Off-side.
7:36 of 1st period - Nick Bonino wins face-off versus Greg Mauldin in neutral zone.
7:51 of 1st period - Slapshot by Jesse Winchester.
7:51 of 1st period - Shot Blocked by Johan Fransson.
8:05 of 1st period - Snap shot by Pavel Brendl.
8:05 of 1st period - Shot Misses the Net.
8:29 of 1st period - Snap shot by Jonathan Sigalet.
8:29 of 1st period - Shot Misses the Net.
8:31 of 1st period - Slapshot by Mike Duco.
8:31 of 1st period - Shot Blocked by Maxime Macenauer.
8:45 of 1st period - Nate Thompson is hit by Brandon Bollig and loses puck.
8:56 of 1st period - Slapshot by Matt Frattin.
8:56 of 1st period - Deflect By Nate Thompson.
8:56 of 1st period - Goal by Matt Frattin - Tamiflu : 0 - Wiprows : 2.
8:57 of 1st period - Nate Thompson wins face-off versus Nick Bonino in neutral zone.
9:10 of 1st period - Snap shot by Nate Thompson.
9:10 of 1st period - Shot Blocked by Alec Martinez.
9:12 of 1st period - Slapshot by Alex Picard.
9:12 of 1st period - Shot Blocked by Thomas Hickey.
9:46 of 1st period - Wrist shot by Linden Vey.
9:46 of 1st period - Shot Hit the Post.
9:48 of 1st period - Slapshot by Oliver Lauridsen.
9:48 of 1st period - Shot Blocked by Philip Samuelsson.
9:58 of 1st period - Minor Penalty to Mike Duco for Hooking.
9:59 of 1st period - Nate Thompson wins face-off versus Nick Bonino in Tamiflu zone.
10:08 of 1st period - Wrist shot by Nick Bonino.
10:08 of 1st period - Shot Misses the Net.
10:10 of 1st period - Slapshot by Matt Taormina.
10:10 of 1st period - Stopped by Mike McKenna with a rebound.
11:58 of 1st period - Penalty to Mike Duco is over, Mike Duco is back on ice.
12:31 of 1st period - Slapshot by Arturs Kulda.
12:31 of 1st period - Deflect By Linden Vey.
12:31 of 1st period - Shot Misses the Net.
12:31 of 1st period - Puck is out of play.
12:32 of 1st period - Carson Mcmillan wins face-off versus Maxime Macenauer in Tamiflu zone.
12:39 of 1st period - Alec Martinez is hit by Nate Thompson and loses puck.
12:44 of 1st period - Snap shot by Alex Picard.
12:44 of 1st period - Goal by Alex Picard - Tamiflu : 1 - Wiprows : 2.
12:45 of 1st period - Nate Thompson wins face-off versus Nick Bonino in neutral zone.
13:12 of 1st period - Pavel Brendl is hit by Greg Mauldin and loses puck.
14:10 of 1st period - Off-side.
14:11 of 1st period - Nick Bonino wins face-off versus Greg Mauldin in neutral zone.
14:24 of 1st period - Snap shot by Nick Bonino.
14:24 of 1st period - Stopped by Mike McKenna with a rebound.
14:30 of 1st period - Drayson Bowman is hit by Jan Mursak and loses puck.
14:49 of 1st period - Wrist shot by Jiri Tlusty.
14:49 of 1st period - Stopped by Mike McKenna with a rebound.
15:09 of 1st period - Snap shot by Adam Henrique.
15:09 of 1st period - Shot Blocked by Arturs Kulda.
15:57 of 1st period - Wrist shot by Pavel Brendl.
15:57 of 1st period - Stopped by Mike McKenna with a rebound.
15:59 of 1st period - Snap shot by Oliver Lauridsen.
15:59 of 1st period - Shot Misses the Net.
16:01 of 1st period - Wrist shot by Jiri Tlusty.
16:01 of 1st period - Shot Blocked by Nate Thompson.
16:03 of 1st period - Slapshot by Oliver Lauridsen.
16:03 of 1st period - Stopped by Mike McKenna with a rebound.
16:05 of 1st period - Snap shot by Nazem Kadri.
16:05 of 1st period - Deflect By Pavel Brendl.
16:05 of 1st period - Stopped by Mike McKenna with a rebound.
16:07 of 1st period - Wrist shot by Nazem Kadri.
16:07 of 1st period - Stopped by Mike McKenna with a rebound.
16:46 of 1st period - Gord Baldwin is hit by Jonathan Sigalet and loses puck.
17:04 of 1st period - Jesse Winchester is hit by Jonathan Sigalet and loses puck.
17:15 of 1st period - Snap shot by Adam Henrique.
17:15 of 1st period - Stopped by Al Montoya without a rebound.
17:16 of 1st period - Adam Henrique wins face-off versus Nazem Kadri in Wiprows zone.
17:31 of 1st period - Wrist shot by Adam Henrique.
17:31 of 1st period - Deflect By Pavel Brendl.
17:31 of 1st period - Shot Misses the Net.
17:31 of 1st period - Puck is out of play.
17:32 of 1st period - Nick Bonino wins face-off versus Greg Mauldin in Wiprows zone.
17:57 of 1st period - Alex Picard is hit by Pavel Brendl and loses puck.
18:19 of 1st period - Matt Frattin is hit by Jordan Hendry and loses puck.
18:26 of 1st period - Wrist shot by Mike Duco.
18:26 of 1st period - Stopped by Al Montoya without a rebound.
18:27 of 1st period - Greg Mauldin wins face-off versus Nick Bonino in Wiprows zone.
18:32 of 1st period - Wrist shot by Greg Mauldin.
18:32 of 1st period - Stopped by Al Montoya with a rebound.
18:34 of 1st period - Snap shot by Petr Pohl.
18:34 of 1st period - Stopped by Al Montoya without a rebound.
18:35 of 1st period - Nick Bonino wins face-off versus Greg Mauldin in Wiprows zone.
18:35 of 1st period - Nick Bonino is hit by Greg Mauldin.
18:49 of 1st period - Alec Martinez is hit by Greg Mauldin and loses puck.
19:00 of 1st period - Johan Fransson is hit by Pavel Brendl and loses puck.
19:23 of 1st period - Snap shot by Joshua Bailey.
19:23 of 1st period - Goal by Joshua Bailey - Tamiflu : 1 - Wiprows : 3.
19:24 of 1st period - Nate Thompson wins face-off versus Nazem Kadri in neutral zone.
19:33 of 1st period - Wrist shot by Nate Thompson.
19:33 of 1st period - Stopped by Al Montoya with a rebound.
19:39 of 1st period - Slapshot by Nate Thompson.
19:39 of 1st period - Shot Misses the Net.
19:55 of 1st period - Snap shot by Greg Mauldin.
19:55 of 1st period - Shot Misses the Net.
Goals for this period are 1 for Tamiflu vs 3 for Wiprows.
Shots for this period are 10 for Tamiflu vs 12 for Wiprows.
2nd period
0:01 of 2nd period - Nick Bonino wins face-off versus Nate Thompson in neutral zone.
0:25 of 2nd period - Slapshot by Matt Frattin.
0:25 of 2nd period - Shot Blocked by Jordan Hendry.
0:33 of 2nd period - Wrist shot by Matt Frattin.
0:33 of 2nd period - Shot Blocked by Jonathan Sigalet.
0:39 of 2nd period - Wrist shot by Carson Mcmillan.
0:39 of 2nd period - Goal by Carson Mcmillan - Tamiflu : 2 - Wiprows : 3.
0:40 of 2nd period - Nazem Kadri wins face-off versus Greg Mauldin in neutral zone.
1:07 of 2nd period - Drayson Bowman is hit by Jonathan Sigalet and loses puck.
1:16 of 2nd period - Wrist shot by Drayson Bowman.
1:16 of 2nd period - Stopped by Mike McKenna with a rebound.
1:48 of 2nd period - Wrist shot by Petr Pohl.
1:48 of 2nd period - Stopped by Al Montoya with a rebound.
1:50 of 2nd period - Snap shot by Philip Samuelsson.
1:50 of 2nd period - Stopped by Al Montoya without a rebound.
1:51 of 2nd period - Nazem Kadri wins face-off versus Greg Mauldin in Wiprows zone.
2:18 of 2nd period - Alex Picard is hit by Nick Bonino and loses puck.
2:23 of 2nd period - Snap shot by Drayson Bowman.
2:23 of 2nd period - Stopped by Mike McKenna without a rebound.
2:24 of 2nd period - Nick Bonino wins face-off versus Nate Thompson in Tamiflu zone.
2:40 of 2nd period - Slapshot by Nate Thompson.
2:40 of 2nd period - Stopped by Al Montoya without a rebound.
2:41 of 2nd period - Nazem Kadri wins face-off versus Jan Mursak in Wiprows zone.
2:54 of 2nd period - Wrist shot by Nazem Kadri.
2:54 of 2nd period - Shot Misses the Net.
2:56 of 2nd period - Snap shot by Pavel Brendl.
2:56 of 2nd period - Shot Misses the Net.
3:27 of 2nd period - Icing by Greg Mauldin.
3:28 of 2nd period - Nate Thompson wins face-off versus Nick Bonino in Tamiflu zone.
3:33 of 2nd period - Nate Thompson is hit by Drayson Bowman.
3:37 of 2nd period - Arturs Kulda is hit by Alex Picard and loses puck.
4:07 of 2nd period - Wrist shot by Adam Henrique.
4:07 of 2nd period - Shot Misses the Net.
5:23 of 2nd period - Arturs Kulda is hit by Nate Thompson.
6:36 of 2nd period - Slapshot by Nick Bonino.
6:36 of 2nd period - Shot Misses the Net.
6:38 of 2nd period - Snap shot by Nick Bonino.
6:38 of 2nd period - Stopped by Mike McKenna without a rebound.
6:39 of 2nd period - Greg Mauldin wins face-off versus Nick Bonino in Tamiflu zone.
6:39 of 2nd period - Greg Mauldin is hit by Jesse Winchester.
6:53 of 2nd period - Snap shot by Nick Bonino.
6:53 of 2nd period - Stopped by Mike McKenna without a rebound.
6:54 of 2nd period - Alex Picard wins face-off versus Nazem Kadri in Tamiflu zone.
7:02 of 2nd period - Minor Penalty to Nathan Oystrick for Tripping.
7:03 of 2nd period - Nate Thompson wins face-off versus Nick Bonino in Tamiflu zone.
7:14 of 2nd period - Backhand shot by Nate Thompson.
7:14 of 2nd period - Stopped by Al Montoya with a rebound.
7:28 of 2nd period - Nate Thompson is hit by Pavel Brendl and loses puck.
7:55 of 2nd period - Pavel Brendl is hit by Nate Thompson and loses puck.
9:02 of 2nd period - Penalty to Nathan Oystrick is over, Nathan Oystrick is back on ice.
11:04 of 2nd period - Gord Baldwin is hit by Philip Samuelsson and loses puck.
12:02 of 2nd period - Petr Pohl is hit by Thomas Hickey and loses puck.
13:11 of 2nd period - Minor Penalty to Brandon Bollig for Hooking.
13:12 of 2nd period - Joshua Bailey wins face-off versus Nate Thompson in Wiprows zone.
13:23 of 2nd period - Snap shot by Nate Thompson.
13:23 of 2nd period - Stopped by Al Montoya without a rebound.
13:24 of 2nd period - Joshua Bailey wins face-off versus Nate Thompson in Wiprows zone.
15:11 of 2nd period - Penalty to Brandon Bollig is over, Brandon Bollig is back on ice.
15:40 of 2nd period - Jiri Tlusty is hit by Alex Picard and loses puck.
15:55 of 2nd period - Snap shot by Pavel Brendl.
15:55 of 2nd period - Shot Misses the Net.
16:11 of 2nd period - Snap shot by Nazem Kadri.
16:11 of 2nd period - Shot Misses the Net.
16:23 of 2nd period - Cody Goloubef is hit by Jonathan Tremblay and loses puck.
16:42 of 2nd period - Arturs Kulda is hit by Adam Henrique and loses puck.
16:43 of 2nd period - Arturs Kulda from Wiprows is injured at 16:43 of 2nd period (Right Wrist).
16:44 of 2nd period - Nick Bonino wins face-off versus Nate Thompson in Wiprows zone.
16:55 of 2nd period - Jonathan Sigalet is hit by Alec Martinez.
17:11 of 2nd period - Jan Mursak is hit by Matt Taormina and loses puck.
17:12 of 2nd period - Jan Mursak from Tamiflu is injured at 17:12 of 2nd period (Right Leg).
17:13 of 2nd period - Nate Thompson wins face-off versus Nick Bonino in Tamiflu zone.
18:09 of 2nd period - Colin Greening is hit by Gord Baldwin and loses puck.
18:22 of 2nd period - Brandon Bollig is hit by Nathan Oystrick and loses puck.
18:45 of 2nd period - Minor Penalty to Maxime Macenauer for Holding.
18:46 of 2nd period - Brandon Bollig wins face-off versus Nate Thompson in Wiprows zone.
Goals for this period are 1 for Tamiflu vs 0 for Wiprows.
Shots for this period are 6 for Tamiflu vs 4 for Wiprows.
3rd period
0:01 of 3rd period - Joshua Bailey wins face-off versus Nate Thompson in neutral zone.
0:08 of 3rd period - Wrist shot by Brandon Bollig.
0:08 of 3rd period - Deflect By Joshua Bailey.
0:08 of 3rd period - Shot Misses the Net.
0:08 of 3rd period - Puck is out of play.
0:09 of 3rd period - Joshua Bailey wins face-off versus Alex Picard in Tamiflu zone.
0:10 of 3rd period - Snap shot by Thomas Hickey.
0:10 of 3rd period - Deflect By Joshua Bailey.
0:10 of 3rd period - Stopped by Mike McKenna with a rebound.
0:12 of 3rd period - Slapshot by Alec Martinez.
0:12 of 3rd period - Shot Misses the Net.
0:36 of 3rd period - Snap shot by Alex Picard.
0:36 of 3rd period - Shot Misses the Net.
0:45 of 3rd period - Penalty to Maxime Macenauer is over, Maxime Macenauer is back on ice.
0:52 of 3rd period - Snap shot by Nate Thompson.
0:52 of 3rd period - Deflect By Matt Taormina.
0:52 of 3rd period - Stopped by Al Montoya with a rebound.
0:54 of 3rd period - Slapshot by Jordan Hendry.
0:54 of 3rd period - Shot Blocked by Brandon Bollig.
0:56 of 3rd period - Slapshot by Jordan Hendry.
0:56 of 3rd period - Shot Misses the Net.
0:58 of 3rd period - Snap shot by Nate Thompson.
0:58 of 3rd period - Stopped by Al Montoya without a rebound.
0:59 of 3rd period - Nick Bonino wins face-off versus Greg Mauldin in Wiprows zone.
0:59 of 3rd period - Nick Bonino is hit by Adam Henrique.
1:07 of 3rd period - Icing by Petr Pohl.
1:08 of 3rd period - Nick Bonino wins face-off versus Greg Mauldin in Tamiflu zone.
1:11 of 3rd period - Snap shot by Nick Bonino.
1:11 of 3rd period - Deflect By Jesse Winchester.
1:11 of 3rd period - Stopped by Mike McKenna with a rebound.
1:30 of 3rd period - Slapshot by Alec Martinez.
1:30 of 3rd period - Stopped by Mike McKenna without a rebound.
1:31 of 3rd period - Nazem Kadri wins face-off versus Nate Thompson in Tamiflu zone.
1:34 of 3rd period - Snap shot by Nazem Kadri.
1:34 of 3rd period - Shot Blocked by Alex Picard.
1:46 of 3rd period - Snap shot by Alex Picard.
1:46 of 3rd period - Shot Misses the Net.
2:01 of 3rd period - Wrist shot by Mike Duco.
2:01 of 3rd period - Stopped by Al Montoya without a rebound.
2:02 of 3rd period - Nate Thompson wins face-off versus Nick Bonino in Wiprows zone.
2:11 of 3rd period - Alex Picard is hit by Drayson Bowman.
2:15 of 3rd period - Slapshot by Nathan Oystrick.
2:15 of 3rd period - Stopped by Al Montoya without a rebound.
2:16 of 3rd period - Nate Thompson wins face-off versus Nazem Kadri in Wiprows zone.
2:27 of 3rd period - Backhand shot by Nazem Kadri.
2:27 of 3rd period - Shot Misses the Net.
2:29 of 3rd period - Wrist shot by Nazem Kadri.
2:29 of 3rd period - Stopped by Mike McKenna with a rebound.
2:31 of 3rd period - Snap shot by Pavel Brendl.
2:31 of 3rd period - Stopped by Mike McKenna without a rebound.
2:32 of 3rd period - Greg Mauldin wins face-off versus Jesse Winchester in Tamiflu zone.
2:39 of 3rd period - Slapshot by Adam Henrique.
2:39 of 3rd period - Stopped by Al Montoya without a rebound.
2:40 of 3rd period - Drayson Bowman wins face-off versus Greg Mauldin in Wiprows zone.
2:40 of 3rd period - Drayson Bowman is hit by Adam Henrique.
2:50 of 3rd period - Snap shot by Jesse Winchester.
2:50 of 3rd period - Goal by Jesse Winchester - Tamiflu : 2 - Wiprows : 4.
2:51 of 3rd period - Nazem Kadri wins face-off versus Nate Thompson in neutral zone.
3:02 of 3rd period - Wrist shot by Pavel Brendl.
3:02 of 3rd period - Shot Misses the Net.
3:04 of 3rd period - Snap shot by Nazem Kadri.
3:04 of 3rd period - Stopped by Mike McKenna with a rebound.
3:06 of 3rd period - Snap shot by Pavel Brendl.
3:06 of 3rd period - Shot Blocked by Jordan Hendry.
3:16 of 3rd period - Slapshot by Jesse Winchester.
3:16 of 3rd period - Stopped by Mike McKenna without a rebound.
3:17 of 3rd period - Nick Bonino wins face-off versus Greg Mauldin in Tamiflu zone.
3:32 of 3rd period - Slapshot by Adam Henrique.
3:32 of 3rd period - Shot Blocked by Gord Baldwin.
3:42 of 3rd period - Oliver Lauridsen is hit by Carson Mcmillan and loses puck.
4:50 of 3rd period - Snap shot by Alex Picard.
4:50 of 3rd period - Shot Misses the Net.
5:12 of 3rd period - Johan Fransson is hit by Pavel Brendl and loses puck.
5:48 of 3rd period - Snap shot by Jonathan Tremblay.
5:48 of 3rd period - Stopped by Mike McKenna without a rebound.
5:49 of 3rd period - Maxime Macenauer wins face-off versus Greg Mauldin in Tamiflu zone.
6:04 of 3rd period - Slapshot by Jordan Hendry.
6:04 of 3rd period - Stopped by Al Montoya with a rebound.
6:10 of 3rd period - Maxime Macenauer is hit by Jonathan Sigalet and loses puck.
6:17 of 3rd period - Slapshot by Matt Taormina.
6:17 of 3rd period - Stopped by Mike McKenna with a rebound.
6:31 of 3rd period - Matt Taormina is hit by Jonathan Sigalet and loses puck.
6:38 of 3rd period - Jonathan Sigalet is hit by Linden Vey and loses puck.
6:51 of 3rd period - Slapshot by Nathan Oystrick.
6:51 of 3rd period - Stopped by Al Montoya with a rebound.
7:01 of 3rd period - Snap shot by Linden Vey.
7:01 of 3rd period - Stopped by Mike McKenna with a rebound.
7:03 of 3rd period - Slapshot by Linden Vey.
7:03 of 3rd period - Goal by Linden Vey - Tamiflu : 2 - Wiprows : 5.
7:04 of 3rd period - Petr Pohl wins face-off versus Nazem Kadri in neutral zone.
7:35 of 3rd period - Nate Thompson is hit by Jesse Winchester and loses puck.
8:07 of 3rd period - Slapshot by Alec Martinez.
8:07 of 3rd period - Deflect By Jiri Tlusty.
8:07 of 3rd period - Shot Misses the Net.
8:07 of 3rd period - Puck is out of play.
8:08 of 3rd period - Nazem Kadri wins face-off versus Colin Greening in Tamiflu zone.
8:09 of 3rd period - Backhand shot by Jiri Tlusty.
8:09 of 3rd period - Stopped by Mike McKenna with a rebound.
8:17 of 3rd period - Snap shot by Mattias Tedenby.
8:17 of 3rd period - Shot Blocked by Nazem Kadri.
8:19 of 3rd period - Wrist shot by Mattias Tedenby.
8:19 of 3rd period - Shot Misses the Net.
8:21 of 3rd period - Slapshot by Johan Fransson.
8:21 of 3rd period - Shot Blocked by Pavel Brendl.
8:33 of 3rd period - Johan Fransson is hit by Matt Taormina and loses puck.
8:38 of 3rd period - Wrist shot by Jesse Winchester.
8:38 of 3rd period - Shot Misses the Net.
8:40 of 3rd period - Slapshot by Oliver Lauridsen.
8:40 of 3rd period - Stopped by Mike McKenna with a rebound.
9:02 of 3rd period - Alex Picard is hit by Joshua Bailey and loses puck.
9:17 of 3rd period - Backhand shot by Mike Duco.
9:17 of 3rd period - Shot Blocked by Jonathan Tremblay.
9:19 of 3rd period - Snap shot by Mike Duco.
9:19 of 3rd period - Goal by Mike Duco - Tamiflu : 3 - Wiprows : 5.
9:20 of 3rd period - Nazem Kadri wins face-off versus Nate Thompson in neutral zone.
10:16 of 3rd period - Joshua Bailey is hit by Colin Greening and loses puck.
10:40 of 3rd period - Wrist shot by Joshua Bailey.
10:40 of 3rd period - Shot Misses the Net.
10:44 of 3rd period - Snap shot by Joshua Bailey.
10:44 of 3rd period - Stopped by Mike McKenna without a rebound.
10:45 of 3rd period - Nazem Kadri wins face-off versus Greg Mauldin in Tamiflu zone.
12:13 of 3rd period - Wrist shot by Adam Henrique.
12:13 of 3rd period - Shot Misses the Net.
12:24 of 3rd period - Mike Duco is hit by Linden Vey.
12:49 of 3rd period - Nathan Oystrick is hit by Maxime Macenauer and loses puck.
13:00 of 3rd period - Linden Vey is hit by Adam Henrique and loses puck.
13:17 of 3rd period - Thomas Hickey is hit by Mike Duco and loses puck.
13:26 of 3rd period - Wrist shot by Adam Henrique.
13:26 of 3rd period - Shot Misses the Net.
13:28 of 3rd period - Snap shot by Adam Henrique.
13:28 of 3rd period - Goal by Adam Henrique - Tamiflu : 4 - Wiprows : 5.
13:29 of 3rd period - Nazem Kadri wins face-off versus Nate Thompson in neutral zone.
13:35 of 3rd period - Snap shot by Jiri Tlusty.
13:35 of 3rd period - Deflect By Pavel Brendl.
13:35 of 3rd period - Shot Blocked by Nate Thompson.
13:35 of 3rd period - Puck is out of play.
13:36 of 3rd period - Nate Thompson wins face-off versus Nazem Kadri in Tamiflu zone.
13:43 of 3rd period - Slapshot by Jordan Hendry.
13:43 of 3rd period - Stopped by Al Montoya without a rebound.
13:44 of 3rd period - Drayson Bowman wins face-off versus Nate Thompson in Wiprows zone.
13:44 of 3rd period - Drayson Bowman is hit by Jonathan Sigalet.
14:00 of 3rd period - Slapshot by Drayson Bowman.
14:00 of 3rd period - Stopped by Mike McKenna without a rebound.
14:01 of 3rd period - Greg Mauldin wins face-off versus Pavel Brendl in Tamiflu zone.
14:26 of 3rd period - Nazem Kadri is hit by Alex Picard and loses puck.
15:05 of 3rd period - Johan Fransson is hit by Jesse Winchester and loses puck.
16:23 of 3rd period - Icing by Nathan Oystrick.
16:24 of 3rd period - Nate Thompson wins face-off versus Joshua Bailey in Tamiflu zone.
16:39 of 3rd period - Snap shot by Brandon Bollig.
16:39 of 3rd period - Deflect By Joshua Bailey.
16:39 of 3rd period - Stopped by Mike McKenna without a rebound.
16:40 of 3rd period - Nick Bonino wins face-off versus Adam Henrique in Tamiflu zone.
16:43 of 3rd period - Snap shot by Nick Bonino.
16:43 of 3rd period - Shot Misses the Net.
17:07 of 3rd period - Alec Martinez is hit by Greg Mauldin and loses puck.
17:12 of 3rd period - Slapshot by Greg Mauldin.
17:12 of 3rd period - Deflect By Brandon Bollig.
17:12 of 3rd period - Stopped by Al Montoya with a rebound.
17:14 of 3rd period - Snap shot by Petr Pohl.
17:14 of 3rd period - Deflect By Greg Mauldin.
17:14 of 3rd period - Stopped by Al Montoya with a rebound.
17:16 of 3rd period - Slapshot by Nathan Oystrick.
17:16 of 3rd period - Deflect By Greg Mauldin.
17:16 of 3rd period - Goal by Greg Mauldin - Tamiflu : 5 - Wiprows : 5.
17:17 of 3rd period - Brandon Bollig wins face-off versus Nate Thompson in neutral zone.
17:17 of 3rd period - Brandon Bollig is hit by Jonathan Sigalet.
18:59 of 3rd period - Cody Goloubef is hit by Matt Taormina and loses puck.
19:06 of 3rd period - Wrist shot by Matt Frattin.
19:06 of 3rd period - Shot Misses the Net.
19:08 of 3rd period - Wrist shot by Brandon Bollig.
19:08 of 3rd period - Shot Blocked by Cody Goloubef.
19:10 of 3rd period - Wrist shot by Brandon Bollig.
19:10 of 3rd period - Deflect By Joshua Bailey.
19:10 of 3rd period - Stopped by Mike McKenna without a rebound.
19:11 of 3rd period - Nazem Kadri wins face-off versus Greg Mauldin in Tamiflu zone.
19:25 of 3rd period - Icing by Greg Mauldin.
19:26 of 3rd period - Nazem Kadri wins face-off versus Greg Mauldin in Tamiflu zone.
19:27 of 3rd period - Wrist shot by Pavel Brendl.
19:27 of 3rd period - Shot Misses the Net.
19:37 of 3rd period - Minor Penalty to Alec Martinez for Roughing.
19:38 of 3rd period - Nate Thompson wins face-off versus Joshua Bailey in Wiprows zone.
19:41 of 3rd period - Snap shot by Nate Thompson.
19:41 of 3rd period - Stopped by Al Montoya with a rebound.
19:43 of 3rd period - Slapshot by Jonathan Sigalet.
19:43 of 3rd period - Stopped by Al Montoya with a rebound.
19:45 of 3rd period - Wrist shot by Jordan Hendry.
19:45 of 3rd period - Stopped by Al Montoya with a rebound.
19:47 of 3rd period - Slapshot by Jordan Hendry.
19:47 of 3rd period - Goal by Jordan Hendry - Tamiflu : 6 - Wiprows : 5.
19:48 of 3rd period - Nick Bonino wins face-off versus Nate Thompson in neutral zone.
19:51 of 3rd period - Wiprows, Al Montoya is pulled from the net.
19:53 of 3rd period - Slapshot by Nick Bonino.
19:53 of 3rd period - Shot Blocked by Jonathan Sigalet.
19:55 of 3rd period - Wrist shot by Thomas Hickey.
19:55 of 3rd period - Goal by Thomas Hickey - Tamiflu : 6 - Wiprows : 6.
19:55 of 3rd period - Al Montoya from Wiprows was sent back in the game.
19:56 of 3rd period - Adam Henrique wins face-off versus Joshua Bailey in neutral zone.
Goals for this period are 4 for Tamiflu vs 3 for Wiprows.
Shots for this period are 17 for Tamiflu vs 19 for Wiprows.
Overtime #1
0:01 of 1st overtime period - Nate Thompson wins face-off versus Nick Bonino in neutral zone.
0:04 of 1st overtime period - Slapshot by Jonathan Sigalet.
0:04 of 1st overtime period - Shot Blocked by Jesse Winchester.
0:07 of 1st overtime period - Icing by Nick Bonino.
0:08 of 1st overtime period - Nick Bonino wins face-off versus Nate Thompson in Wiprows zone.
0:16 of 1st overtime period - Nate Thompson is hit by Alec Martinez and loses puck.
0:47 of 1st overtime period - Slapshot by Nathan Oystrick.
0:47 of 1st overtime period - Shot Misses the Net.
2:13 of 1st overtime period - Snap shot by Maxime Macenauer.
2:13 of 1st overtime period - Stopped by Mike McKenna without a rebound.
2:14 of 1st overtime period - Nate Thompson wins face-off versus Maxime Macenauer in Tamiflu zone.
2:45 of 1st overtime period - Wrist shot by Carson Mcmillan.
2:45 of 1st overtime period - Goal by Carson Mcmillan - Tamiflu : 7 - Wiprows : 6.
Goals for this period are 1 for Tamiflu vs 0 for Wiprows.
Shots for this period are 1 for Tamiflu vs 1 for Wiprows.
Output by the SimonT Hockey Simulator (STHS) for François Prévost -- Original Page W3C XHTML 1.0 Valid